 Dungeon Sprint DCSS version 0.30-a0-622-gddc90eaa04 (webtiles) character file.

Game seed: 17767670716150293774

23 Darkkill the Trooper (level 2, -2/42 HPs)
             Began as a Minotaur Monk on Jan 10, 2023.
             Was an Initiate of Gozag.
             Slain by an orc
             ... wielding a +0 dagger
              (3 damage)
             ... in the Dungeon (Sprint VII: "The Pits").
             The game lasted 00:00:32 (172 turns).

Darkkill the Trooper (Minotaur Monk)                 Turns: 172, Time: 00:00:33

Health: -2/42      AC:  2    Str: 15    XL:     2   Next: 75%
Magic:  1/1        EV: 13    Int:  7    God:    Gozag
Gold:   342        SH:  0    Dex: 12    Spells: 1/1 levels left

rFire   . . .      SeeInvis .    j - +2 quarterstaff
rCold   . . .      Faith    .    (shield currently unavailable)
rNeg    . . .      Spirit   .    b - +0 robe
rPois   .          Reflect  .    (helmet restricted)
rElec   .          Harm     .    (no cloak)
rCorr   .          Rampage  .    (no gloves)
Will    .....      NoTele   +    (no boots) Stlth
                                 (no amulet)
HPRegen 0.27/turn                (no ring)
MPRegen 0.07/turn                (no ring)

@: berserking, very quick
A: horns 2, retaliatory headbutt
a: Renounce Religion, Potion Petition, Call Merchant, Bribe Branch


You were in the Dungeon.
You worshipped Gozag.
Gozag was aware of your devotion.
You visited 1 branch You collected 342 gold pieces.

Inventory:

Hand Weapons
 j - a +2 quarterstaff (weapon)
Missiles
 k - 10 stones (quivered)
Armour
 b - a +0 robe (worn)
Scrolls
 i - a scroll of blinking
 l - 5 scrolls of amnesia
 m - a scroll of summoning
Potions
 a - 2 potions of invisibility
 c - a potion of ambrosia
 d - a potion of curing {@q1}
 e - a potion of heal wounds
 f - a potion of haste
 g - 4 potions of magic
 h - 2 potions of berserk rage


   Skills:
 + Level 4.9 Fighting
 + Level 4.9 Long Blades
 + Level 4.5 Dodging
 + Level 2.9 Stealth


You had one spell level left.
You didn't know any spells.
Your spell library was empty.

Dungeon Overview and Level Annotations

Branches:
Dungeon (1/1)

Altars:
Ashenzari
Cheibriados
Dithmenos
Elyvilon
Fedhas
Gozag
Hepliaklqana
Kikubaaqudgha
Makhleb
Nemelex Xobeh
Okawaru
Qazlal
Ru
Sif Muna
Trog
Uskayaw
Vehumet
Wu Jian
Xom
Yredelemnul
Zin
The Shining One
Jiyva
Lugonu


Innate Abilities, Weirdness & Mutations

You have a pair of horns on your head.
You reflexively headbutt those who attack you in melee.


Message History

You open the door.
Found five altars.
Found fourteen altars.
There is an open door to the Temple (Safe) here.
Found three altars.
There is a bloodstained altar of Trog here.
Found three altars.
There is a shimmering blue altar of Sif Muna here.
There is a sacrificial altar of Ru here.
There is an opulent altar of Gozag here.
You kneel at the altar of Gozag.
Gozag welcomes you!
Gozag waives the service fee.
There is a hazy altar of Hepliaklqana here.
There is a viscous altar of Jiyva here.
There is a bloodstained altar of Trog here.
There is an open door to the Temple (Safe) here.
You start resting.
HP restored.
You open the door.
An adder skeleton comes into view.
There is an open door here.
The helpless adder skeleton fails to defend itself.
You hit the adder skeleton.
The adder skeleton is lightly damaged.
The adder skeleton misses you. The adder skeleton bites you.
You thump the adder skeleton!
You destroy the adder skeleton!
You now have 63 gold pieces.
You open the door. 3 jackals and a quokka come into view.
The jackal barks! x3
The jackal is distracted by your dazzling golden aura.
The jackal barely misses you.
There is an open door here.
You completely miss the jackal.
The jackal is no longer distracted by gold.
The jackal barks!
You headbutt the jackal.
You kill the jackal!
The jackal bites you but does no damage.
The jackal misses you. The quokka closely misses you.
You thump the quokka!
You kill the quokka!
The jackal completely misses you. The jackal bites you. x2
You closely miss the jackal. You headbutt the jackal.
The jackal is severely wounded.
The jackal misses you.
The jackal is distracted by your dazzling golden aura.
The jackal closely misses you.
The jackal barks!
You hit the jackal.
You kill the jackal!
The jackal misses you. The jackal barely misses you.
The jackal bites you but does no damage.
You see here 153 gold pieces.
You thump the jackal!
You kill the jackal!
There is an open door here.
You now have 216 gold pieces (gained 153).
You now have 261 gold pieces (gained 45).
There is an open door here.
You open the door.
An adder zombie and a hobgoblin come into view.
You barely miss the adder zombie. You headbutt the adder zombie.
The adder zombie is moderately damaged.
The adder zombie bites you.
You sock the adder zombie! You headbutt the adder zombie.
You destroy the adder zombie!
There is an open door here.
You see here 27 gold pieces.
The helpless hobgoblin fails to defend itself.
You hit the hobgoblin but do no damage. You headbutt the hobgoblin.
You kill the hobgoblin!
You now have 315 gold pieces (gained 54).
You now have 342 gold pieces (gained 27).
There is an open door here.
As you open the door, it creaks loudly!
A warg comes into view.
You hear a shout!
The warg howls!
An orc comes into view. It is wielding a +0 flail.
An orc comes into view. It is wielding a +0 dagger.
The orc shouts!
A red film seems to cover your vision as you go berserk!
You feel yourself moving faster!
You feel mighty! The warg bites you!
You closely miss the warg. The warg barely misses you.
You sock the warg!
The warg is heavily wounded.
The warg bites you but does no damage. The orc hits you but does no damage.
You completely miss the warg.
The warg is heavily wounded.
The warg bites you!
You miss the warg.
The warg is heavily wounded.
The warg bites you!
* * * LOW HITPOINT WARNING * * *
The orc hits you with a +0 dagger.
You die...
Your body crumbles into a pile of gold.

#_________.#
#_________.#
#_______...##########
##########'##........
#.?..')))'.##......#.
##########.##........
#...........'........
#+#####'#####......#.
#.@#..#..##........
#oho..'..#####'####
##'####+###.......#
... #.......# #....
#.......# #####+
#...<...# #.......#
#.......# #.......#


You could see a warg and 2 orcs.

Vanquished Creatures
  A river rat (D)
  An adder zombie (D)
  An adder skeleton (D)
  A hobgoblin (D)
  3 jackals (D)
  A quokka (D)
8 creatures vanquished.

Notes
Turn   | Place    | Note
-------+----------+-------------------------------------------
     0 | D        | Darkkill the Minotaur Monk began the quest for the Orb.
     0 | D        | Reached XP level 1. HP: 19/19 MP: 0/0
    22 | D        | HP: 2/19 [river rat (8)]
    27 | D        | Reached XP level 2. HP: 4/28 MP: 1/1
    58 | D        | Found a bloodstained altar of Trog.
    58 | D        | Found a shimmering blue altar of Sif Muna.
    58 | D        | Found a viscous altar of Jiyva.
    58 | D        | Found a hazy altar of Hepliaklqana.
    58 | D        | Found an opulent altar of Gozag.
    59 | D        | Found a glowing golden altar of the Shining One.
    59 | D        | Found a glowing silver altar of Zin.
    59 | D        | Found a basalt altar of Yredelemnul.
    59 | D        | Found a shimmering altar of Xom.
    59 | D        | Found an ornate altar of the Wu Jian Council.
    59 | D        | Found a sacrificial altar of Ru.
    59 | D        | Found a stormy altar of Qazlal.
    59 | D        | Found an iron altar of Okawaru.
    59 | D        | Found a sparkling altar of Nemelex Xobeh.
    59 | D        | Found a burning altar of Makhleb.
    59 | D        | Found a blossoming altar of Fedhas.
    59 | D        | Found a white marble altar of Elyvilon.
    59 | D        | Found a shadowy altar of Dithmenos.
    59 | D        | Found a snail-covered altar of Cheibriados.
    61 | D        | Found a radiant altar of Vehumet.
    61 | D        | Found a corrupted altar of Lugonu.
    63 | D        | Found an ancient bone altar of Kikubaaqudgha.
    63 | D        | Found a hide-covered altar of Uskayaw.
    63 | D        | Found a broken altar of Ashenzari.
    66 | D        | Became a worshipper of Gozag Ym Sagoz the Greedy
   166 | D        | Noticed a warg
   172 | D        | HP: 1/42 [warg (14)]
   172 | D        | Slain by an orc

Illustrated notes

Levels and vault maps discovered:
D:        pitsprint [storerooms_1, entrance_room_1, metal_vault_5, armoury_2,
          mini_pit_1, grid_room_1, main_hall_1, silver_pit, the_coven_3,
          the_vestibule_1, steel_vault_1, golden_pit, hallway_of_sentries,
          crystal_vault_4, iron_vault_4, final_vault]

Skill      XL: |  1 |
---------------+----+-----
Fighting       | 4 |  4.9
Long Blades    | 4 |  4.9
Dodging        | 4 |  4.5
Stealth        | 2 |  2.9

Action                   || total
-------------------------++-------
Melee: Falchion          ||     7
       Headbutt          ||     7
       Quarterstaff      ||    14
  Use: Potion            ||     1
 Stab: Sleeping          ||     2
Armor: Robe              ||     4
Dodge: Dodged            ||    14

Table legend: (Time is in decaauts)
 A = Elapsed time spent in this place.
 B = Non-inter-level travel time spent in this place.
 C = Inter-level travel time spent in this place.
 D = Time resting spent in this place.
 E = Time spent auto-exploring this place.
 F = Levels seen in this place.
 G = Mean time per level.
                   A        B        C        D        E       F      G
               +--------+--------+--------+--------+--------+-----+--------+
         Total |    174 |    174 |      0 |     47 |      0 |   1 |  174.0 |
       Dungeon |    174 |    174 |      0 |     47 |      0 |   1 |  174.0 |
               +--------+--------+--------+--------+--------+-----+--------+

Top non-repeatable levels by time:
       D: 174 daAuts

Table legend:
 A = Kills in this place as a percentage of kills in entire the game.
 B = Kills by you in this place as a percentage of kills by you in the entire game.
 C = Kills by friends in this place as a percentage of kills by friends in the entire game.
 D = Other kills in this place as a percentage of other kills in the entire game.
 E = Experience gained in this place as a percentage of experience gained in the entire game.
 F = Experience gained in this place divided by the number of levels of this place that you have seen.
                   A       B       C       D       E      F
               +-------+-------+-------+-------+-------+----------------------
         Total | 100.0 | 100.0 |   N/A |   N/A | 100.0 |  34.0
       Dungeon | 100.0 | 100.0 |   N/A |   N/A | 100.0 |  34.0
               +-------+-------+-------+-------+-------+----------------------
